 Dungeon Crawl Stone Soup version 0.21-a0-442-g848f44b (webtiles) character file.

3 slep the Magician (level 1, 0/13 HPs)
             Began as a Demonspawn Wanderer on Nov 17, 2017.
             Slain by a giant cockroach (1 damage)
             ... on level 1 of the Dungeon.
             The game lasted 00:01:47 (212 turns).

slep the Magician (Demonspawn Wanderer)              Turns: 212, Time: 00:01:48

Health: 0/13       AC:  2    Str: 11    XL:     1   Next: 41%
Magic:  4/4        EV: 11    Int: 14    God:
Gold:   0          SH:  0    Dex: 12    Spells: 6/6 levels left

rFire    . . .     SeeInvis .   e - +0 dagger
rCold    . . .     Gourm    .   (no shield)
rNeg     . . .     Faith    .   d - +0 robe
rPois    .         Spirit   .   (no helmet)
rElec    .         Reflect  .   (no cloak)
rCorr    .         Harm     .   (no gloves)
MR       .....                  (no boots)
Stlth    +.........             (no amulet)
HPRegen  0.04/turn              (no ring)
MPRegen  0.09/turn              (no ring)

@: no status effects
A: no striking features
a: no special abilities


You were on level 1 of the Dungeon.
You were not hungry.

You visited 1 branch of the dungeon, and saw 1 of its levels.

Inventory:

Hand Weapons
 e - a +0 dagger (weapon)
Missiles
 g - 17 stones (quivered)
Armour
 d - a +0 robe (worn)
Potions
 c - a potion of lignification
 h - a potion of brilliance {unknown}
Books
 a - a book of Conjurations

   Spells                             Type                      Level
   a - Magic Dart                     Conjuration                  1
   b - Searing Ray                    Conjuration                  2
   c - Dazzling Spray                 Conjuration/Hexes            3
   d - Fulminant Prism                Conjuration/Hexes            4
   e - Force Lance                    Conjuration/Translocation    4
   f - Iskenderun's Mystic Blast      Conjuration                  4
 b - the Almanac of Flames

   Spells                             Type                      Level
   a - Flame Tongue                   Conjuration/Fire             1
   b - Ignite Poison                  Fire/Transmutation/Poison    3
Comestibles
 f - a bread ration


   Skills:
 + Level 1.9 Throwing
 + Level 3.1 Spellcasting
   Level 2.0 Conjurations
   Level 1.0 Hexes
   Level 1.7 Air Magic


You had 6 spell levels left.
You didn't know any spells.

Dungeon Overview and Level Annotations

Branches:
Dungeon (1/15)

Altars:


Message History

Press: ? - help, Shift-Dir - straight line, f - goblin
Aim: a goblin, wielding a club You throw a stone.
The stone hits the goblin.
The goblin is moderately wounded.
Throwing (i - inventory):
g - 18 stones (quivered)
Press: ? - help, Shift-Dir - straight line, f/p - goblin
Aim: a goblin, wielding a club (moderately wounded)
You throw a stone. The stone hits the goblin.
The goblin is heavily wounded.
The bat closely misses you.
You closely miss the bat. The bat hits you but does no damage.
The giant cockroach waves its antennae.
The bat hits you.
* * * LOW HITPOINT WARNING * * *
A giant cockroach comes into view.
The bat hits you but does no damage. The giant cockroach bites you.
* * * LOW HITPOINT WARNING * * *
The giant cockroach bites you.
You die...

#########.#####...#
........#...).....#
........########.## ##
≈≈≈≈≈≈≈...#
####..###....
≈≈≈≈≈≈≈...###.........#
≈≈≈≈≈≈≈........##s###.#
'#+#≈≈≈........##g.##
...'≈≈≈..........sb.#
...'≈≈≈...###.##@#..#
##+#≈≈≈...# #....#..#
.#≈≈≈≈....# #######.#
.'≈≈≈..⌠..# ..
.'≈≈≈(.⌠..# ...
.#≈≈≈≈.....# #..#
'#'#≈≈≈...... #.#
...'≈≈≈....#..
...'≈≈≈...##..


You could see 2 giant cockroaches, a goblin and a bat.

Vanquished Creatures
  A hobgoblin (D:1)
  A kobold (D:1)
  A rat (D:1)
3 creatures vanquished.

Notes
Turn   | Place    | Note
-------+----------+-------------------------------------------
     0 | D:1      | slep the Demonspawn Wanderer began the quest for the Orb.
     0 | D:1      | slep set off with: a book of Conjurations, the Almanac of Flames, a potion of lignification, a +0 robe, a +0 dagger, a bread ration
     0 | D:1      | Reached XP level 1. HP: 13/13 MP: 4/4
   212 | D:1      | Slain by a giant cockroach

Vault maps used:
D:1:      dpeg_arrival_castle, minmay_heptomino_o4

Action                   || total
-------------------------++-------
Melee: Dagger            ||    13
Throw: Stone             ||     2
Armor: Robe              ||     3
Dodge: Dodged            ||     5

Table legend:
 A = Spawn XP
 B = Non-spawn XP
 C = Spawn XP percentage of total XP
 D = Spawn monster count
 E = Non-spawn monster count
 F = Spawn count percentage of total count
 G = Total turns spent on level
                    A         B        C        D         E        F      G
               +---------+---------+-------+---------+---------+-------+---------
         Total |       0 |       5 |   0.0 |       0 |       3 |   0.0 |   212
               +---------+---------+-------+---------+---------+-------+---------
           D:1 |       0 |       5 |   0.0 |       0 |       3 |   0.0 |   212
               +---------+---------+-------+---------+---------+-------+---------
